 BcadrenCrawl: Boulder Brew version 0.05.31-16-g17090fb0d7 (webtiles) character file.

Game seed: 10329671404373365599, levelgen mode: deterministic

3217 diana the Devourer (level 9, 0/68 HPs) Oozomorph Gladiator. Began on Sept 28, 2021. Was an Initiate of Okawaru. Slain by an orc priest (2 damage) ... on level 4 of the Dungeon. The game lasted 00:13:58 (4820 turns).

diana the Devourer (Oozomorph Gladiator)            Turns: 4820, Time: 00:13:58

Health: 0/68       AC:  7    Str: 15    XL:     9 ^: 932
Magic:  10/10      EV: 14    Int:  8    God:    Okawaru [0* [16]]
Gold:   221        SH:  0    Dex: 18    Spells: 8/8 levels left

rFire    . . .     Vision   .     - Unarmed
rCold    . . .     Gourm    .     - Unarmed
rNeg     . . .     Faith    .   a - +0 leather armour
rCorr    + + +     Spirit   .   b - +0 helmet
rPois    .         Reflect  .   k - +0 robe
rElec    .         Harm     .   (no armour)
MR       .....                  (no armour)
Stlth    ++........             (nothing subsumed)
HPRegen  0.32/turn              (no amulet)
MPRegen  0.20/turn              (no ring)
                                (no ring)

@: berserk cooldown, slowed, very slow
A: cytoplasmic subsumption, amorphous body, gelatinous body 1
a: Subsume Item, Renounce Religion


You were on level 4 of the Dungeon.
You worshipped Okawaru.
Okawaru was noncommittal.
You were not hungry.

You visited 2 branches of the dungeon, and saw 5 of its levels.

You collected 221 gold pieces.

Inventory:

Armour
 a - a +0 leather armour (worn)
 b - a +0 helmet (worn)
 e - a +2 robe of positive energy
 k - a +0 robe (worn)
Jewellery
 t - an uncursed ring of stealth
 u - an uncursed ring of stealth
Wands
 c - a wand of ensnaring (10)
Scrolls
 g - a scroll of fog
 l - 5 scrolls of teleportation
 n - a scroll of fear
 v - a scroll of holy word
Potions
 m - 2 potions of brilliance
 o - a potion of magic
 p - a potion of berserk rage
 q - a potion of ambrosia
 r - 2 potions of heal wounds
 w - a potion of agility
Comestibles
 d - 5 rations


   Skills:
 * Level 9.0 Fighting
 + Level 4.8 Armour
 + Level 5.2 Dodging
 * Level 8.5 Unarmed Combat
 - Level 2.0 Evocations


You had 8 spell levels left.
You didn't know any spells.
Your spell library was empty.

Dungeon Overview and Level Annotations

Branches:
Dungeon (4/8)              Temple (1/1) D:4

Altars:
Cheibriados
Dithmenos
Elyvilon
Fedhas Madash
Gozag Ym Sagoz
Hepliaklqana
Kikubaaqudgha
Nemelex Xobeh
Okawaru
Qazlal
Ru
Sif Muna
Trog
Uskayaw
Vehumet
Wu Jian
Xom
Zin
The Shining One


Innate Abilities, Weirdness & Mutations

You may subsume any weapon, armour, or jewellery into your cytoplasm to benefit from its magical properties.
Your body is completely amorphous, allowing you to wear any combination of armour.
You have seven amorphous slots; replacing the normal gear slots.
Body armours and bardings take two slots, all other armours take one.
Your gelatinous form is immune to acid, constriction and sticky flames. (rCorr+, Slime)


Message History

There is a staircase to the Ecumenical Temple, spattered with blood here.
Things that are here:
a +0 falchion; an orc corpse You feel a strong urge to attack something.
The orc priest barely misses you (0).
You climb downwards.
Welcome back to the Ecumenical Temple!
There is a staircase back to the Dungeon here.
You feel your anger nearly subside.
You are no longer berserk.
You are exhausted.
You feel yourself slow down.
You climb upwards.
Welcome back to the Dungeon!
There is a staircase to the Ecumenical Temple, spattered with blood here.
Things that are here:
a +0 falchion; an orc corpse Unknown command.
Unknown command.
The orc priest hits you (2).
* * * LOW HITPOINT WARNING * * *
The orc warrior closely misses you (0). The orc priest hits you (2).
You die...

.........#.............# #
####.....#.............#.#
#....†...........####.##
#..†...#................ .
#.......##..#...##..####'#
.........#..##..######......#
.........#..###..####.......#
.........#..###.............#
.........##..#o.@o..#.#.....
...................#).#######.
...............##.##..........
............#####..........
....####..###.#.........
....#......o..[....##### ...
#.........#....# ..
#.........#....#
#.........#...÷#


You could see an orc warrior and an orc priest.

Vanquished Creatures
  Psyche (D:4)
  Purgy (D:2)
  Duvessa (D:2)
  4 scorpions
  A water moccasin (D:3)
  An ice beast (D:3)
  A porcupine (D:3)
  3 ogres
  4 big kobolds (D:2)
  5 bullfrogs
  Dowan (D:2)
  A hornet zombie (D:4)
  3 orc priests
  2 hounds
  4 jellies (D:2)
  2 iguanas (D:3)
  3 orc wizards
  2 worker ants
  A wyvern zombie (D:4)
  5 giant cockroaches
  4 bullfrog zombies
  2 bullfrog skeletons (D:4)
  3 adders
  32 sewer rats (D:2)
  9 cinder newts
  6 worms
  5 oozes
  3 dart slugs
  4 leopard geckos
  11 orcs
  An adder skeleton (D:2)
  3 ball pythons (D:2)
  A cinder newt skeleton (D:2)
  4 goblins (D:1)
  6 hobgoblins (D:1)
  A quokka (D:3)
  5 bats
  2 hobgoblin skeletons (D:2)
  A jackal skeleton (D:2)
  19 kobolds
  5 rats (D:1)
  A withered plant (D:2)
174 creatures vanquished.

Vanquished Creatures (others)
  4 slimeheads (D:2)
  133 withered plants (D:2)
137 creatures vanquished.

Grand Total: 311 creatures vanquished

Notes
Turn   | Place    | Note
-------+----------+-------------------------------------------
     0 | D:1      | diana the Oozomorph Gladiator began the quest for the Orb.
     0 | D:1      | Reached XP level 1. HP: 14/14 MP: 2/2
    53 | D:1      | Reached XP level 2. HP: 18/20 MP: 3/3
   135 | D:1      | Reached XP level 3. HP: 13/25 MP: 4/4
   276 | D:1      | Reached skill level 3 in Fighting
   285 | D:1      | Reached skill level 1 in Armour
   324 | D:1      | Reached XP level 4. HP: 31/31 MP: 5/5
  1134 | D:2      | Reached XP level 5. HP: 37/37 MP: 6/6
  1286 | D:2      | Reached skill level 4 in Fighting
  1442 | D:2      | Reached XP level 6. HP: 40/44 MP: 7/7
  1545 | D:2      | Reached skill level 5 in Unarmed Combat
  1555 | D:2      | Reached skill level 5 in Fighting
  1590 | D:2      | Reached XP level 7. HP: 44/50 MP: 8/8
  1812 | D:2      | Noticed Duvessa
  1812 | D:2      | Noticed Dowan
  1855 | D:2      | Killed Duvessa
  1855 | D:2      | Reached skill level 6 in Fighting
  1895 | D:2      | Reached XP level 8. HP: 23/57 MP: 9/9
  1955 | D:2      | Killed Dowan
  2456 | D:2      | Noticed Purgy
  2471 | D:2      | Killed Purgy
  2883 | D:3      | Reached skill level 7 in Fighting
  3509 | D:3      | Reached XP level 9. HP: 65/65 MP: 10/10
  3702 | D:3      | Found a shimmering blue altar of Sif Muna.
  3949 | D:4      | Reached skill level 8 in Fighting
  4558 | D:4      | Reached skill level 5 in Dodging
  4575 | D:4      | Noticed Psyche
  4597 | D:4      | Killed Psyche
  4685 | D:4      | Found a staircase to the Ecumenical Temple.
  4714 | D:6      | Connectivity tunneler affected zombieorc1_lemuel.
  4714 | Temple   | Entered the Ecumenical Temple
  4727 | Temple   | Became a worshipper of Warmaster Okawaru
  4810 | D:4      | HP: 3/67 [orc priest/+0 falchion (9)]
  4814 | D:4      | Reached skill level 9 in Fighting
  4820 | D:4      | HP: 2/68 [orc priest (2)]
  4820 | D:4      | Slain by an orc priest

Levels and vault maps discovered:
D:1:      dpeg_arrival_water_temple_mockup, layout_basic
D:2:      layout_sewer, purgy_house, uniq_duvessa
D:3:      layout_basic, marbit_many_paths, first_ration
D:4:      layout_irregular_city, minmay_temple_entry_wispy, uniq_psyche
Temple:   nicolae_temple_no_exploring_needed

Skill      XL: |  1  2  3  4  5  6  7  8  9 |
---------------+----------------------------+-----
Fighting       | 3 4 5 6 7 9 |  9.0
Armour         | 1 2 3 4 |  4.8
Unarmed Combat | 4 5 6 7 8 |  8.5
Dodging        | 3 4 5 |  5.2
Evocations     | |  2.0

Action                   |  1- 3 |  4- 6 |  7- 9 || total
-------------------------+-------+-------+-------++-------
Melee: Unarmed           |   144 |   394 |   887 ||  1425
 Abil: Subsume Item      |       |     2 |     1 ||     3
  Use: Potion            |       |       |     4 ||     4
 Stab: Sleeping          |       |       |     3 ||     3
  Eat: Chunk             |       |     3 |    12 ||    15
Armor: Skin              |     8 |    46 |    67 ||   121
Dodge: Dodged            |    37 |    91 |   276 ||   404
